 Dungeon Crawl Stone Soup version 0.28.0-49-g6dfe1f597d (webtiles) character file.

Game seed: 13727080679978247854

741 Cral the Magician (level 7, 0/36 HPs)
             Began as a Deep Elf Fire Elementalist on May 18, 2022.
             Was an Initiate of Vehumet.
             Slain by a wyvern skeleton (11 damage)
             ... on level 5 of the Dungeon.
             The game lasted 00:06:59 (5270 turns).

Cral the Magician (Deep Elf Fire Elementalist)      Turns: 5270, Time: 00:06:59

Health: 0/36       AC:  3    Str: 11    XL:     7   Next: 47%
Magic:  11/19      EV: 12    Int: 22    God:    Vehumet [......]
Gold:   223        SH:  0    Dex: 15    Spells: 13/19 levels left

rFire   + . .      SeeInvis .   p - staff of fire
rCold   . . .      Faith    .   (no shield)
rNeg    . . .      Spirit   .   a - +0 robe
rPois   .          Reflect  .   (no helmet)
rElec   .          Harm     .   c - +0 cloak
rCorr   .          Rampage  .   (no gloves)
Will    .....                   (no boots)
Stlth   ++........              (no amulet)
HPRegen 0.12/turn               e - +6 ring of strength
MPRegen 0.16/turn               (no ring)

@: no status effects
A: no striking features
a: Renounce Religion


You were on level 5 of the Dungeon.
You worshipped Vehumet.
Vehumet was noncommittal.
You visited 2 branches of the dungeon, and saw 6 of its levels.

You collected 223 gold pieces.

Inventory:

Hand Weapons
 g - a +2 dagger of venom
Armour
 a - a +0 robe (worn)
 c - a +0 cloak (worn)
Magical Staves
 p - a staff of fire (weapon)
Jewellery
 e - a +6 ring of strength (left hand)
Scrolls
 b - 5 scrolls of identify {unknown}
 h - a scroll of acquirement {unknown}
 k - a scroll of torment {unknown}
 l - a scroll of fear {unknown}
 m - a scroll of immolation {unknown}
 n - 2 scrolls of brand weapon {unknown}
 o - 4 scrolls of teleportation {unknown}
Potions
 d - 2 potions of might {unknown}
 f - 2 potions of magic {unknown}
 i - a potion of cancellation {unknown}
 j - a potion of brilliance {unknown}
 q - a potion of heal wounds {unknown}
 r - a potion of degeneration {unknown}


   Skills:
 - Level 2.4 Dodging
 - Level 2.4 Stealth
 + Level 6.9 Spellcasting
 + Level 5.3 Conjurations
 + Level 6.1 Fire Magic


You had 13 spell levels left.
You knew the following spells:

 Your Spells              Type           Power      Damage    Failure   Level
a - Foxfire               Conj/Fire      100%       2x1d9     1%          1
b - Scorch                Fire           100%       2d10      1%          2
c - Conjure Flame         Conj/Fire      49%        6-21      2%          3

Your spell library contained the following spells:

 Spells                   Type           Power      Damage    Failure   Level
 Inner Flame              Hex/Fire       31%        N/A       7%          3
 Flame Wave               Conj/Fire      49%        2d10      8%          4
 Animate Skeleton         Necr           14%        N/A       9%          1
 Apportation              Tloc           14%        N/A       9%          1
 Summon Small Mammal      Summ           28%        N/A       9%          1
 Ignite Poison            Fire/Tmut/Pois 24%        N/A       11%         3
 Mephitic Cloud           Conj/Pois/Air  15%        N/A       12%         3
 Gell's Gravitas          Tloc           7%         N/A       26%         3
 Lesser Beckoning         Tloc           7%         N/A       26%         3
 Teleport Other           Tloc           7%         N/A       26%         3
 Cause Fear               Hex            3%         N/A       63%         4
 Freezing Cloud           Conj/Ice/Air   7%         6-21      75%         5
 Dragon Form              Tmut           3%         N/A       100%        7
 Dragon's Call            Summ           3%         N/A       100%        9


Dungeon Overview and Level Annotations

Branches:
Dungeon (5/15)             Temple (1/1) D:4

Altars:
Cheibriados
Dithmenos
Elyvilon
Makhleb
Ru
Vehumet
Wu Jian
Xom
Yredelemnul
Zin
The Shining One

Shops:
D:2 ?(*[   D:5 [

Annotations:
D:5 Edmund


Message History

The ice beast is almost dead.
The foxfire hits the ice beast.
The ice beast melts!
You kill the ice beast!
Vehumet accepts your kill.
Casting: Scorch (safe; 1% risk of failure)
Confirm with . or Enter, or press ? or * to list all spells.
You feel a surge of power!
You conjure some foxfire!
The foxfire hits the wyvern skeleton.
The wyvern skeleton is lightly damaged.
Unknown command.
Casting: Foxfire (safe; 1% risk of failure)
Confirm with . or Enter, or press ? or * to list all spells.
You feel a surge of power!
You conjure some foxfire!
The foxfire hits the wyvern skeleton.
The wyvern skeleton is moderately damaged.
The foxfire hits the hound zombie.
The hound zombie is lightly damaged.
Casting: Foxfire (safe; 1% risk of failure)
Confirm with . or Enter, or press ? or * to list all spells.
You feel a surge of power!
You conjure some foxfire!
The foxfire hits the wyvern skeleton.
The wyvern skeleton is moderately damaged.
The wyvern skeleton barely misses you.
Unknown command.
Casting: Foxfire (safe; 1% risk of failure)
Confirm with . or Enter, or press ? or * to list all spells.
You feel a surge of power!
You conjure some foxfire!
The foxfire hits the wyvern skeleton.
The wyvern skeleton is heavily damaged.
The foxfire hits the wyvern skeleton!
The wyvern skeleton is severely damaged.
The wyvern skeleton bites you! The hound zombie bites you.
The wyvern skeleton bites you!
The foxfire hits the wyvern skeleton.
The wyvern skeleton is severely damaged.
The foxfire hits the wyvern skeleton.
The wyvern skeleton is almost destroyed.
The hound zombie bites you. The wyvern skeleton bites you!
You die...

#.# ........... #.#
#.......... #.# #.........
#.### #..#....# ....
..###..#...# ... .........#
..# .# #....#.# .<###.####
#.@....# .# ..........
#..ZZ..# .# #O.##.#.##
#.....)# .# ......#.#
#....@.##.# # ##..#.#.#
#....[.#..# ..
...o#.#.############.#..#.#
......#.#........ #.#..@.##.
...#..#.#........ #..§......
...#..#.#..............§Y.Z..


You could see Edmund, a hound zombie and a wyvern skeleton.

Vanquished Creatures
  2 necrophages
  An ice beast (D:5)
  A gnoll sergeant (D:4)
  A scorpion (D:4)
  A hound (D:4)
  2 iguanas
  11 gnolls (D:4)
  6 adders
  An ufetubus (D:4)
  2 worms
  A dart slug (D:1)
  5 orcs
  6 ball pythons
  10 endoplasms
  5 giant cockroaches
  10 goblins
  8 hobgoblins
  3 jackals (D:3)
  3 quokkas (D:3)
  6 bats
  5 frilled lizards
  10 kobolds
  7 rats
107 creatures vanquished.

Vanquished Creatures (others)
  357 foxfires
357 creatures vanquished.

Grand Total: 464 creatures vanquished

Notes
Turn   | Place    | Note
-------+----------+-------------------------------------------
     0 | D:1      | Cral the Deep Elf Fire Elementalist began the quest for the
                  | Orb.
     0 | D:1      | Reached XP level 1. HP: 10/10 MP: 6/6
   343 | D:1      | Reached XP level 2. HP: 11/15 MP: 2/8
   709 | D:1      | Found a faded altar of an unknown god.
   924 | D:1      | Reached XP level 3. HP: 19/19 MP: 7/10
  1218 | D:2      | Noticed a necrophage
  1227 | D:2      | Killed a necrophage
  1228 | D:2      | Reached XP level 4. HP: 17/24 MP: 1/12
  1236 | D:1      | Learned a level 2 spell: Scorch
  1240 | D:1      | Learned a level 3 spell: Conjure Flame
  1354 | D:2      | Reached XP level 5. HP: 28/28 MP: 10/14
  1835 | D:2      | Found Just's General Store.
  1863 | D:2      | Found Paapp's Magic Scroll Emporium.
  1870 | D:2      | Found Ymaq Vam's Weapon Shop.
  2242 | D:2      | Found Ilibruuc's Armour Boutique.
  2365 | D:3      | Reached skill level 5 in Spellcasting
  3302 | D:4      | Noticed a necrophage
  3309 | D:4      | Killed a necrophage
  3310 | D:4      | Reached skill level 5 in Fire Magic
  3310 | D:4      | Reached XP level 6. HP: 32/32 MP: 9/16
  3758 | D:4      | Found a staircase to the Ecumenical Temple.
  3910 | D:4      | Reached XP level 7. HP: 35/36 MP: 9/18
  3939 | Temple   | Entered the Ecumenical Temple
  4504 | Temple   | Became a worshipper of Vehumet
  4610 | D:4      | Reached skill level 5 in Conjurations
  4786 | D:4      | Found a white marble altar of Elyvilon.
  4819 | D:4      | Found a sacrificial altar of Ru.
  4969 | D:5      | Entered Level 5 of the Dungeon
  5016 | D:5      | Found Balas's Antique Armour Boutique.
  5254 | D:5      | Noticed Edmund
  5270 | D:5      | Slain by a wyvern skeleton

Illustrated notes

Levels and vault maps discovered:
D:1:      sevenhm_arrival_forest_fort_small_4, layout_loops_ring,
          hellmonk_ecumenical_altar_inner_sanctum,
          corexii_item_surrounded_by_moat
D:2:      layout_loops_ring, serial_shops, nicolae_lakefront_shop, shop,
          nicolae_square_shop, nicolae_shop_window_shopping
D:3:      layout_loops_ring
D:4:      layout_cave_pools, nicolae_ru_sacrificial_ziggurat,
          mainiacjoe_overflow_alcove_2, minmay_temple_entry_mini_moons,
          nrook_mini_backslash
D:5:      layout_basic, serial_shops, nicolae_shop_stone,
          kennysheep_flooded_box, uniq_edmund
Temple:   compressed_dpeg_triangle_lava_temple

Skill      XL: |  1  2  3  4  5  6  7 |
---------------+----------------------+-----
Conjurations   | 2 3 4 5 |  5.3
Spellcasting   | 4 5 6 |  6.9
Fire Magic     | 4 5 6 |  6.1
Dodging        | |  2.4
Stealth        | |  2.4

Action                   |  1- 3 |  4- 6 |  7- 9 || total
-------------------------+-------+-------+-------++-------
Melee: Unarmed           |     4 |       |       ||     4
       Dagger            |       |     1 |     1 ||     2
 Cast: Foxfire           |    53 |   105 |    67 ||   225
       Scorch            |       |    25 |     3 ||    28
Armor: Robe              |     9 |     3 |     2 ||    14
Dodge: Dodged            |    27 |    23 |     6 ||    56
